AoeStats
← KaLong

Oasis

507416060Analyzed
4v4 RM · 15d ago on Sep 18, 2026· 24m 19s· 8 players
Game mode
Random Map
Map size
Large (8 player)
Population
200
Speed
Normal
Resources
Standard
Victory
Conquest
Starting age
Dark Age
Ending age
Imperial Age
RankedLock teamsTeams togetherTeam positionsShared explorationLock speedFull tech treeHidden civsTurbo modeCheats
Victory
Defeat
🇺🇸 Japanese · United States
1785
+10
🇩🇰 Malians · Denmark
1752
+11
🇺🇸 Khmer · United States
1691
+13
🇺🇸 Ethiopians · United States
1636
+17
🇨🇦 Mapuche · Canada
1705
-15
🇺🇸 Poles · United States
1690
-15
🇺🇸 Italians · United States
1650
-13
🇺🇸 Koreans · United States
1503
-8
AnTeK
6:51 Loom
8:53 Feudal Age
9:44 Double-Bit Axe
17:46 Padded Archer Armor
20:35 Fletching
21:44 Horse Collar
25:42 Castle Age
嗚
9:17 Feudal Age
8:53 Loom
9:46 Double-Bit Axe
10:15 Horse Collar
14:31 Wheelbarrow
15:28 Scale Barding Armor
17:41 Bloodlines
18:19 Forging
22:55 Castle Age
21:04 Gold Mining
22:56 Light Cavalry
23:58 Chain Barding Armor
24:00 Bow Saw
BomBomB0
10:59 Feudal Age
10:39 Loom
12:01 Double-Bit Axe
14:33 Castle Age
12:57 Horse Collar
15:41 Bow Saw
18:36 Ballistics
18:10 Fletching
20:12 Bodkin Arrow
24:40 Wheelbarrow
24:25 Town Watch
KaLong
6:32 Loom
9:10 Feudal Age
12:58 Double-Bit Axe
16:38 Fletching
Aztec1327970
6:05 Loom
8:57 Feudal Age
9:02 Man-at-Arms
12:36 Fletching
14:27 Double-Bit Axe
15:50 Horse Collar
23:14 Castle Age
21:42 Padded Archer Armor
24:46 Bow Saw
KSGabriel
7:22 Loom
9:36 Feudal Age
10:30 Double-Bit Axe
10:48 Horse Collar
16:21 Forging
21:34 Castle Age
19:30 Gold Mining
21:27 Stone Mining
21:45 Scale Mail Armor
22:51 Bow Saw
23:14 Squires
23:33 Chain Mail Armor
23:56 Fletching
DK | Kongen_42
6:18 Loom
8:53 Feudal Age
9:12 Man-at-Arms
12:51 Double-Bit Axe
20:15 Castle Age
18:34 Fletching
20:17 Crossbowman
20:53 Bodkin Arrow
21:16 Bow Saw
21:37 Padded Archer Armor
23:03 Leather Archer Armor
24:00 Ballistics
JaM DaDDy
6:03 Loom
8:45 Feudal Age
9:29 Double-Bit Axe
15:15 Forging
16:37 Scale Barding Armor
18:00 Wheelbarrow
18:34 Scale Barding Armor
18:46 Bloodlines
19:00 Bloodlines
21:06 Castle Age
18:50 Horse Collar
19:19 Gold Mining
19:49 Scale Barding Armor
20:20 Bloodlines
21:07 Light Cavalry
22:08 Chain Barding Armor
21:53 Husbandry
23:33 Bow Saw
Connection lost

Rejoining the realm…

Still unreachable

The connection could not be restored.

Session expired

The server has moved on; the page needs a fresh start.